[Event "Late-Titled-Tuesday-Blitz-May-14-2024"]
[Site "Chess.com"]
[Date "2024.05.14"]
[Round "7"]
[White "KaydenTroffChess"]
[Black "DishonorOnYourCow"]
[Result "1-0"]
[WhiteElo "2846"]
[BlackElo "2534"]
[TimeControl "180+1"]
[EndTime "15:15:59 PDT"]
[Termination "KaydenTroffChess won on time"]

1. d4 Nf6 2. Nf3 g6 3. Bg5 Ne4 4. Bh4 Bg7 5. e3 d5 6. Bd3 O-O 7. Nbd2 Nxd2 8. Qxd2 c5 9. c3 cxd4 10. exd4 Nc6 11. O-O Bg4 12. Qf4 Qd7 13. Ne5 Nxe5 14. dxe5 f6 15. exf6 Bxf6 16. Bxf6 Rxf6 17. Qe5 Bf5 18.
Rad1 Raf8 19. Be2 e6 20. c4 Qf7 21. f3 Rc8 22. Rd4 Qf8 23. Rfd1 Rf7 24. cxd5 exd5 25. Qxd5 Rc5 26. Qb3 Kg7 27. Rd8 Qe7 28.
Bc4 Rf6 29. Qc3 b5 30. Rg8+ Kh6 31. Qd2+ Kh5 32. g4+ Bxg4 33. fxg4+ Kxg4 34. Be2+ Kh3 35. Qd3+ 1-0

[Event "Late-Titled-Tuesday-Blitz-May-14-2024"]
[Site "Chess.com"]
[Date "2024.05.14"]
[Round "7"]
[White "Dedic8"]
[Black "Polish_fighter3000"]
[Result "0-1"]
[WhiteElo "2925"]
[BlackElo "3114"]
[TimeControl "180+1"]
[EndTime "15:16:02 PDT"]
[Termination "Polish_fighter3000 won by resignation"]

1. d4 Nf6 2. c4 g6 3. Nc3 d5 4. cxd5 Nxd5 5. e4 Nxc3 6. bxc3 Bg7 7. Nf3 c5 8. Bb5+ Bd7 9. Rb1 O-O 10. O-O Bg4 11. Be2 cxd4 12. cxd4 Nc6 13. d5 Na5 14. Be3 Qd6 15. Nd4 Bxe2 16. Qxe2 a6 17. a4 Rac8 18.
Nb3 Nc4 19. Bd4 e6 20. Bxg7 Kxg7 21. dxe6 Qxe6 22. Rfc1 Rfd8 23. h3 h5 24. Rc3 b5 25.
axb5 axb5 26. Rbc1 Qe5 27. Na5 Rd2 28. Nxc4 Qxc3 29.
Nxd2 Qxc1+ 30. Kh2 Rc2 0-1

[Event "Late-Titled-Tuesday-Blitz-May-14-2024"]
[Site "Chess.com"]
[Date "2024.05.14"]
[Round "7"]
[White "Kombinator01"]
[Black "zajka-molotok"]
[Result "1-0"]
[WhiteElo "2397"]
[BlackElo "2552"]
[TimeControl "180+1"]
[EndTime "15:16:02 PDT"]
[Termination "Kombinator01 won by checkmate"]

1. d4 g6 2. Nc3 Bg7 3. e4 d6 4.
Be3 Nc6 5. Qd2 e5 6. Nge2 f5 7. dxe5 Nxe5 8. Ng3 Ne7 9. Bh6 O-O 10. Bxg7 Kxg7 11. f4 Ng4 12. h3 Nf6 13. O-O-O fxe4 14. Ngxe4 Nc6 15. g4 Be6 16. Ng5 Bg8 17. Bg2 Qd7 18. Rhf1 Rae8 19. f5 h6 20. Nge4 Ne5 21. fxg6 Nxe4 22.
Bxe4 Qe7 23. Bxb7 Rxf1 24. Rxf1 Rf8 25. Re1 Qg5 26. Be4 Rf2 27. Qxg5 hxg5 28. Bf5 Rh2 29. Nb5 Bc4 30. Nxc7 Nf3 31. Rd1 Be2 32. Ne8+ Kh6 33. g7 Bxd1 34. g8=N# 1-0

[Event "Late-Titled-Tuesday-Blitz-May-14-2024"]
[Site "Chess.com"]
[Date "2024.05.14"]
[Round "7"]
[White "yobdc"]
[Black "Nouali_Mohamed"]
[Result "1-0"]
[WhiteElo "2509"]
[BlackElo "2601"]
[TimeControl "180+1"]
[EndTime "15:16:03 PDT"]
[Termination "yobdc won on time"]

1. e4 c5 2. Nf3 Nc6 3. Bb5 Qc7 4. O-O e6 5. Re1 a6 6. Bxc6 Qxc6 7. d4 cxd4 8. Nxd4 Qc7 9. Nc3 h5 10. Qf3 Bd6 11. h3 Nf6 12. Bg5 Be5 13. Rad1 b5 14. a4 b4 15. Nd5 exd5 16. exd5 d6 17. Bxf6 gxf6 18. Qxf6 Rg8 19. f4 Bxh3 20. fxe5 dxe5 21. Rxe5+ Kf8 22. Qh6+ Rg7 23. Rg5 f6 24. Qh8+ 1-0

[Event "Late-Titled-Tuesday-Blitz-May-14-2024"]
[Site "Chess.com"]
[Date "2024.05.14"]
[Round "7"]
[White "hawes33"]
[Black "Christian-Toth"]
[Result "1/2-1/2"]
[WhiteElo "2383"]
[BlackElo "2375"]
[TimeControl "180+1"]
[EndTime "15:16:06 PDT"]
[Termination "Game drawn - insufficient material"]

1. e4 e5 2. Nf3 Nf6 3. Nc3 Nc6 4.
Nxe5 Nxe5 5. d4 Ng6 6. e5 Be7 7. exf6 Bxf6 8. Bd3 O-O 9. O-O Re8 10. Be3 d5 11. h3 c6 12. Re1 Qd6 13. Qf3 Bd7 14. Bf5 Re7 15. Bxd7 Qxd7 16. Na4 Rae8 17. Nc5 Qc8 18. c3 b6 19. Nd3 Qd7 20. Kf1 Re4 21. Bd2 Nh4 22. Qh5 g6 23. Qh6 Nf5 24. Qf4 Rxf4 25.
Bxf4 Rxe1+ 26. Rxe1 Kg7 27. Ne5 Bxe5 28. Bxe5+ f6 29.
Bf4 Kf7 30. g4 Nd6 31. f3 Nc8 32. Kf2 Ne7 33. Kg3 g5 34. Bd2 h6 35. f4 f5 36.
fxg5 hxg5 37. Bxg5 Ng6 38. gxf5 Qd6+ 39. Kg4 Nf8 40. Re7+ Qxe7 41. Bxe7 Kxe7 42. Kg5 Kf7 43. h4 Nh7+ 44. Kf4 Kf6 45. b3 c5 46. c4 dxc4 47. bxc4 cxd4 48. Ke4 Nf8 49. Kxd4 Kxf5 50. c5 bxc5+ 51.
Kxc5 Nd7+ 52. Kc6 Ne5+ 53. Kb7 a5 54. Kb6 a4 55. Kb5 a3 56. Kb4 Nd3+ 57. Kxa3 Nc1 58.
Kb4 Nxa2+ 59. Kc5 Kg6 60. h5+ Kxh5 1/2-1/2

[Event "Late-Titled-Tuesday-Blitz-May-14-2024"]
[Site "Chess.com"]
[Date "2024.05.14"]
[Round "7"]
[White "protectiago"]
[Black "patzer-reloaded"]
[Result "0-1"]
[WhiteElo "2086"]
[BlackElo "2383"]
[TimeControl "180+1"]
[EndTime "15:16:06 PDT"]
[Termination "patzer-reloaded won on time"]

1. d4 d6 2. c4 Nf6 3. Nc3 g6 4. e4 Bg7 5. Be2 O-O 6. Nf3 c5 7. O-O Bg4 8. Be3 Bxf3 9. Bxf3 cxd4 10. Bxd4 Nc6 11. Be3 Nd7 12. Rc1 Nc5 13. Qd2 Rc8 14. Rfd1 Qa5 15. b3 Ne6 16. Nd5 Qxd2 17. Rxd2 Rfe8 18.
b4 Ned4 19. b5 Nxf3+ 20. gxf3 Ne5 21. Rdc2 e6 22. Nb4 Nxf3+ 23. Kg2 Nd4 24. Rd2 Nxb5 25. a4 Na3 26. Rxd6 Nxc4 27. Rd7 Nxe3+ 0-1

[Event "Late-Titled-Tuesday-Blitz-May-14-2024"]
[Site "Chess.com"]
[Date "2024.05.14"]
[Round "7"]
[White "annasargsyan_m"]
[Black "bubeliang"]
[Result "0-1"]
[WhiteElo "2597"]
[BlackElo "2809"]
[TimeControl "180+1"]
[EndTime "15:16:07 PDT"]
[Termination "bubeliang won by resignation"]

1. e4 c6 2. d4 d5 3. exd5 cxd5 4.
Bd3 Nc6 5. c3 Qc7 6. Ne2 Bg4 7.
O-O Nf6 8. h3 Bh5 9. Qe1 e6 10.
Nf4 Bg6 11. Bxg6 hxg6 12. Qe3 Bd6 13. Qf3 O-O-O 14. Re1 g5 15. Nd3 g4 16. hxg4 Rh7 17.
g3 Rdh8 18. Bf4 Bxf4 19. Nxf4 Nxg4 20. Nd2 Rh1+ 21. Qxh1 Rxh1+ 22. Kxh1 Nxf2+ 23. Kg2 Ng4 24. Kf3 Nf6 25. Rh1 b6 26. Rh8+ Kb7 27. Rah1 g5 28.
Nh5 Nxh5 29. R1xh5 e5 30. Rxg5 exd4 31. cxd4 Nxd4+ 32. Kg4 Qc2 33. Rh2 Qd1+ 34. Kh4 f6 35. Rg7+ Ka6 36.
g4 Ne6 37. Re7 Qe1+ 0-1

[Event "Late-Titled-Tuesday-Blitz-May-14-2024"]
[Site "Chess.com"]
[Date "2024.05.14"]
[Round "7"]
[White "el_sporco"]
[Black "Sanyura"]
[Result "0-1"]
[WhiteElo "2360"]
[BlackElo "2642"]
[TimeControl "180+1"]
[EndTime "15:16:07 PDT"]
[Termination "Sanyura won on time"]

1. e4 c5 2. Nf3 e6 3. d4 cxd4 4.
Nxd4 Nc6 5. Nc3 Nf6 6. Be2 Bb4 7.
O-O Bxc3 8. bxc3 Nxe4 9. Nxc6 bxc6 10. Qd4 d5 11. Qxg7 Qf6 12. Qxf6 Nxf6 13. c4 Rg8 14. Bb2 Ne4 15. cxd5 cxd5 16. Bd3 Nc5 17. Bxh7 Rg5 18. Bd3 a5 19. Bc1 Rg8 20. Bb5+ Bd7 21. Bxd7+ Kxd7 22. Be3 Ne4 23. Rab1 Rac8 24. Rb7+ Rc7 25. Rxc7+ Kxc7 26.
Rb1 Nc3 27. Rb3 Nxa2 28. Bb6+ Kc6 29. Bxa5 Nc1 30. Rf3 Ra8 31. Be1 Ra1 32. Kf1 f5 33.
h4 d4 34. h5 d3 35. cxd3 Nb3 36. Ke2 Nd4+ 37. Kf1 Nxf3 38. gxf3 Kd5 39. Ke2 e5 40. f4 e4 41. dxe4+ Kxe4 42. f3+ Kxf4 43. Bd2+ Kg3 44. h6 Rh1 45. Be1+ Kg2 46. Bd2 Rh5 47.
Bf4 Rh3 48. Bg5 Rxf3 49. Bf6 Rh3 50. Bg5 Kg3 0-1

[Event "Late-Titled-Tuesday-Blitz-May-14-2024"]
[Site "Chess.com"]
[Date "2024.05.14"]
[Round "7"]
[White "karinachess1"]
[Black "Arystanner"]
[Result "0-1"]
[WhiteElo "2623"]
[BlackElo "2834"]
[TimeControl "180+1"]
[EndTime "15:16:10 PDT"]
[Termination "Arystanner won by resignation"]

1. d4 d5 2. c4 e6 3. Nc3 Nf6 4. cxd5 exd5 5. Bg5 c6 6. e3 Bd6 7. Bd3 O-O 8. Qc2 h6 9. Bh4 Re8 10. Nf3 Be6 11. O-O Nbd7 12. a3 Qc7 13. Rac1 a6 14. b4 Bg4 15. Bg3 Bxg3 16. hxg3 Qd6 17. Na4 a5 18. Nc5 axb4 19. axb4 Qb8 20. Ra1 Rxa1 21. Rxa1 b5 22. Nxd7 Bxd7 23. Ne5 Qd6 24.
Qc5 Qxc5 25. bxc5 Rc8 26. Ra7 Be8 27. Bf5 Rb8 28. Rc7 g6 29. Rc8 Rxc8 30. Bxc8 b4 31. Kf1 Ne4 32. Nd3 b3 33. Ke2 h5 34. g4 h4 35. f3 Ng3+ 36. Kd2 f6 37. Be6+ Kf8 38. Kc3 Nf1 39. e4 Ne3 40. exd5 cxd5 41. Nf4 g5 42. Nxd5 Nxg2 43. Nxf6 h3 44. Ne4 h2 45.
Ng3 Nf4 46. Bf5 Ne2+ 0-1

[Event "Late-Titled-Tuesday-Blitz-May-14-2024"]
[Site "Chess.com"]
[Date "2024.05.14"]
[Round "7"]
[White "djano"]
[Black "deathadder96"]
[Result "1-0"]
[WhiteElo "2553"]
[BlackElo "2861"]
[TimeControl "180+1"]
[EndTime "15:16:11 PDT"]
[Termination "djano won by resignation"]

1. Nf3 d5 2. g3 c5 3. Bg2 Nc6 4. d4 e6 5. O-O Nf6 6. c4 dxc4 7.
dxc5 Qxd1 8. Rxd1 Bxc5 9. Nbd2 c3 10. bxc3 O-O 11. Nb3 Be7 12. Nfd4 Nxd4 13. cxd4 Nd5 14. Bd2 f5 15. Nc5 b6 16. Nd3 Bb7 17. Nf4 Kf7 18. Rac1 Rac8 19. Nd3 Ba3 20. Ne5+ Ke7 21.
Rc4 Rxc4 22. Nxc4 Bd6 23. Bxd5 Bxd5 24. Nxd6 Bxa2 25. Bb4 Kd7 26. Ra1 a5 27. Rxa2 axb4 28.
Nc4 Kc6 29. Kf1 Kb5 30. Nd6+ Kc6 31. Nc4 Kd5 32. Nxb6+ Kxd4 33. Rc2 Rb8 34. Rc4+ Ke5 35. Rxb4 Rd8 36. Nc4+ Kf6 37. Ne3 g5 38. f4 gxf4 39.
gxf4 h5 40. Kf2 Ra8 41. Rb7 Ra4 42. Ng2 Kg6 43. Re7 Re4 44. e3 Kf6 45. Rh7 Kg6 46. Rh8 Ra4 47. Rg8+ Kf6 48. Rg5 Ra2+ 49. Kf3 h4 50. Rh5 e5 51. fxe5+ Kxe5 52. Nxh4 Ke6 53.
Nxf5 1-0

[Event "Late-Titled-Tuesday-Blitz-May-14-2024"]
[Site "Chess.com"]
[Date "2024.05.14"]
[Round "7"]
[White "Boorchess"]
[Black "TheBigBadChessDad"]
[Result "1-0"]
[WhiteElo "2580"]
[BlackElo "2277"]
[TimeControl "180+1"]
[EndTime "15:16:14 PDT"]
[Termination "Boorchess won on time"]

1. d4 c6 2. c4 d5 3. cxd5 cxd5 4.
Nc3 Nf6 5. f3 Nc6 6. e4 dxe4 7.
d5 Ne5 8. fxe4 a6 9. Qd4 Qc7 10. Bf4 Nd3+ 11. Bxd3 Qxf4 12. Nf3 Ng4 13. O-O e5 14.
dxe6 Bxe6 15. Rae1 Rd8 16. Nd5 Qd6 17. b4 f6 18. a3 Ne5 19. Nxe5 Qxe5 20. Qxe5 fxe5 21. Nc7+ Ke7 22. Nxe6 Rxd3 23. Ng5 h6 24. Nf7 Rg8 25.
Nxe5 Rxa3 26. Ng6+ Ke8 27. Rc1 Be7 28. Nxe7 Kxe7 29.
Rc7+ Ke6 30. Rxb7 Ke5 31. Re7+ Kd4 32. h3 Ke3 33. Rf3+ Ke2 34. Rxa3 1-0

[Event "Late-Titled-Tuesday-Blitz-May-14-2024"]
[Site "Chess.com"]
[Date "2024.05.14"]
[Round "7"]
[White "sergeikim"]
[Black "Godzillator"]
[Result "0-1"]
[WhiteElo "2599"]
[BlackElo "2444"]
[TimeControl "180+1"]
[EndTime "15:16:15 PDT"]
[Termination "Godzillator won by resignation"]

1. d4 d5 2. c4 c6 3. Nf3 Nf6 4. Qc2 dxc4 5. Qxc4 Bf5 6. e3 e6 7.
Bd3 Bxd3 8. Qxd3 Be7 9. O-O O-O 10. Nc3 c5 11. Rd1 cxd4 12. Nxd4 Nbd7 13. e4 Nc5 14.
Qe2 Qb6 15. e5 Nfd7 16. Bf4 a6 17. Rac1 Rfd8 18. Nf3 Nf8 19. Bg5 Bxg5 20. Nxg5 h6 21. Nge4 Nxe4 22. Nxe4 Ng6 23. Nc3 Nf4 24. Qe4 Qxb2 25.
Qxf4 Qxc3 26. h4 Qa5 27. Kh2 Rab8 28. a4 Rxd1 29. Rxd1 Rd8 30. Rc1 b5 31. axb5 axb5 32. Rc5 Qa4 33. Qxa4 bxa4 34. Ra5 Rd4 35. g3 g5 36. h5 Re4 37. Kg2 Kg7 38. f3 Rd4 39. g4 Rf4 40. Kf2 Kf8 41. Ra7 Ke8 42. Ke3 Kd8 43. Ra8+ Kc7 44. Rh8 Kb7 45. Rxh6 a3 46.
Rf6 Rxf6 47. exf6 a2 48. h6 a1=Q 0-1

[Event "Late-Titled-Tuesday-Blitz-May-14-2024"]
[Site "Chess.com"]
[Date "2024.05.14"]
[Round "7"]
[White "ACollins05"]
[Black "zacachess"]
[Result "1-0"]
[WhiteElo "2526"]
[BlackElo "2355"]
[TimeControl "180+1"]
[EndTime "15:16:15 PDT"]
[Termination "ACollins05 won by resignation"]

1. e4 c5 2. Nf3 d6 3. d4 cxd4 4. Nxd4 Nf6 5. Nc3 Nc6 6. Bg5 e6 7. Qd2 a6 8. O-O-O Bd7 9. Kb1 Be7 10. Nxc6 Bxc6 11. f3 O-O 12. Ne2 d5 13. e5 Nd7 14. Bxe7 Qxe7 15. f4 Nc5 16. Nd4 Ne4 17. Qe3 f5 18. exf6 Qxf6 19. g3 e5 20. fxe5 Qxe5 21.
Bg2 Rae8 22. Rhe1 Qf6 23. Rf1 Qe5 24. Rxf8+ Rxf8 25. Re1 Re8 26. Nxc6 Nd2+ 27. Kc1 Qxe3 28. Rxe3 Rxe3 29. Kxd2 Re8 30. Bxd5+ Kf8 31. Nd4 Ke7 32. Bxb7 a5 33. Be4 g6 34. Kd3 Kf6 35. c4 a4 36.
b3 a3 37. c5 Ke5 38. Nf3+ Kf6 39. c6 Ke7 40. Nd4 Rf8 41. Nb5 Rf2 42. c7 Kd7 43. Bb7 1-0

[Event "Late-Titled-Tuesday-Blitz-May-14-2024"]
[Site "Chess.com"]
[Date "2024.05.14"]
[Round "7"]
[White "Artem_Koval"]
[Black "KirAk47"]
[Result "0-1"]
[WhiteElo "2568"]
[BlackElo "2466"]
[TimeControl "180+1"]
[EndTime "15:16:18 PDT"]
[Termination "KirAk47 won by checkmate"]

1. e4 c5 2. Nc3 d6 3. f4 Nc6 4. Bc4 g6 5. Nf3 Bg7 6. d3 e6 7. O-O Nge7 8. Qe1 a6 9. a4 Rb8 10. Qh4 Nd4 11. f5 gxf5 12. Bg5 b5 13. axb5 axb5 14.
Bb3 b4 15. Nd1 h6 16. Bf6 Bxf6 17. Qxf6 Nxf3+ 18. Rxf3 Rh7 19. Ra7 Nc6 20. Rg3 Kf8 21. Qxd8+ Nxd8 22. exf5 exf5 23. Rf3 Nc6 24. Rc7 Nd4 25. Rf4 Ne2+ 26. Kf2 Nxf4 27. Ne3 Be6 28. g3 Bxb3 29. gxf4 Be6 30. Nf1 b3 31. c3 Ra8 32. Ng3 h5 33. d4 Ra2 34. dxc5 Rxb2+ 35. Ke3 dxc5 36. Ne2 Rxe2+ 37. Kxe2 Rg7 38. h4 b2 39. Rb7 Rg1 40. Rxb2 Rg2+ 41. Kf3 Rxb2 42. c4 Rb3+ 43. Ke2 Bxc4+ 44. Kd2 Rf3 45. Ke1 Ke7 46. Kd2 Kd6 47.
Kc2 Kd5 48. Kd2 Kd4 49. Kc2 Rf2+ 50. Kd1 Bd3 51. Ke1 Ke3 52. Kd1 Rf1# 0-1

[Event "Late-Titled-Tuesday-Blitz-May-14-2024"]
[Site "Chess.com"]
[Date "2024.05.14"]
[Round "7"]
[White "nitpicker"]
[Black "gabduschew"]
[Result "1-0"]
[WhiteElo "2307"]
[BlackElo "2372"]
[TimeControl "180+1"]
[EndTime "15:16:19 PDT"]
[Termination "nitpicker won by resignation"]

1. d4 Nf6 2. c4 e5 3. dxe5 Ng4 4.
Bf4 Nc6 5. Nf3 f6 6. e3 fxe5 7. Bg3 Bb4+ 8. Nbd2 O-O 9. h3 Nh6 10. Nxe5 Nxe5 11. Bxe5 d6 12. Bc3 Bxc3 13. bxc3 Qf6 14. Ne4 Qe5 15. Qd5+ Qe6 16. Ng5 Qxd5 17. cxd5 Nf7 18.
Nxf7 Rxf7 19. Rb1 Rb8 20. Bd3 Bf5 21. Bxf5 Rxf5 22. c4 b5 23. O-O b4 24. Rb3 Re5 25. Rfb1 a5 26. a3 Re4 27. axb4 Rxc4 28. bxa5 Rxb3 29.
Rxb3 Ra4 30. Rb8+ Kf7 31. Rb7 Rxa5 32. Rxc7+ Kf6 33. e4 h6 34. Rd7 Ra6 35. f4 Ra4 36. Rxd6+ Kf7 37. Re6 Ra2 38. f5 Rd2 39. d6 Kf8 40. e5 1-0

[Event "Late-Titled-Tuesday-Blitz-May-14-2024"]
[Site "Chess.com"]
[Date "2024.05.14"]
[Round "7"]
[White "MITerryble"]
[Black "Agibileg"]
[Result "1-0"]
[WhiteElo "3015"]
[BlackElo "2872"]
[TimeControl "180+1"]
[EndTime "15:16:20 PDT"]
[Termination "MITerryble won on time"]

1. d4 Nf6 2. Bg5 d5 3. e3 Nbd7 4. Nd2 e6 5. Ngf3 Be7 6. Bd3 O-O 7. c3 c5 8. O-O Qc7 9. Qe2 h6 10. Bh4 Re8 11. Rac1 b6 12. c4 Bb7 13. cxd5 exd5 14. Bf5 c4 15. Qd1 b5 16. Re1 a6 17. Nf1 Ne4 18. Bxe7 Rxe7 19. Bxe4 Rxe4 20. Ng3 Re6 21. Nh5 Rae8 22. Nf4 R6e7 23. Nh4 Nf6 24. Nf5 Rd7 25. Qf3 Kh7 26. Qg3 g5 27. Qh3 Ng8 28. Nh5 Re6 29. f4 gxf4 30. exf4 Qb6 31. Re5 Bc8 32. Qg4 Rg6 33.
Qf3 Rd8 34. Nhg3 Be6 35. Rd1 b4 36. Ne3 Rc8 37. f5 Rxg3 38. Qxg3 Bd7 39. Nxd5 Qa7 40.
f6 1-0

[Event "Late-Titled-Tuesday-Blitz-May-14-2024"]
[Site "Chess.com"]
[Date "2024.05.14"]
[Round "7"]
[White "GothamChess"]
[Black "ChessSwole"]
[Result "1-0"]
[WhiteElo "2771"]
[BlackElo "2615"]
[TimeControl "180+1"]
[EndTime "15:16:20 PDT"]
[Termination "GothamChess won by resignation"]

1. e4 c5 2. Nc3 Nc6 3. Bb5 Nd4 4. Nf3 a6 5. Bd3 g6 6. O-O Bg7 7. Rb1 d6 8. b4 Nf6 9. bxc5 dxc5 10. e5 Ng4 11.
Be4 Rb8 12. Re1 Nxf3+ 13. Qxf3 Nxe5 14. Qg3 O-O 15. d3 Nd7 16. Nd5 e6 17. Bg5 f6 18.
Bf4 e5 19. Bd2 b5 20. c4 b4 21. f4 Bb7 22. f5 g5 23. h4 h6 24. Be3 Rc8 25.
a3 a5 26. axb4 axb4 27. Ra1 Nb6 28. Nxf6+ Bxf6 29. Bxb7 Qxd3 30. Bxc8 Nxc8 31. hxg5 Bxg5 32. Qxe5 Qxc4 33. Bxg5 hxg5 34. Rad1 Qc3 35. Qe6+ Kh8 36. Re3 Qg7 37. Rh3+ 1-0

[Event "Late-Titled-Tuesday-Blitz-May-14-2024"]
[Site "Chess.com"]
[Date "2024.05.14"]
[Round "7"]
[White "SharathRk6"]
[Black "IlyaGrigorjev"]
[Result "0-1"]
[WhiteElo "2520"]
[BlackElo "2869"]
[TimeControl "180+1"]
[EndTime "15:16:21 PDT"]
[Termination "IlyaGrigorjev won on time"]

1. e4 e5 2. Nf3 Nc6 3. Bb5 a6 4. Ba4 Nge7 5. O-O Ng6 6. d4 exd4 7. Nxd4 Nxd4 8. Qxd4 b5 9. Bb3 Bb7 10. a4 c5 11. Qe3 c4 12. Ba2 Qc7 13. axb5 axb5 14. Nc3 Bc5 15. Qe2 Bc6 16. Be3 Bxe3 17. Qxe3 O-O 18.
b3 b4 19. Ne2 c3 20. Qd4 Rfb8 21. Ng3 Qe5 22. Qe3 Nf4 23. f3 Ra5 24. Nf5 g6 25.
Nh6+ Kf8 26. Ng4 Qd4 27. Kf2 Qxe3+ 28. Kxe3 Nxg2+ 29. Kd4 Rba8 30. Rf2 Nf4 31. Kc4 Rxa2 32. Rd1 Rb8 33. Ne5 Bb5+ 34. Kxb4 f6 0-1

[Event "Late-Titled-Tuesday-Blitz-May-14-2024"]
[Site "Chess.com"]
[Date "2024.05.14"]
[Round "7"]
[White "DrVelja"]
[Black "LiemLe"]
[Result "0-1"]
[WhiteElo "2904"]
[BlackElo "3050"]
[TimeControl "180+1"]
[EndTime "15:16:25 PDT"]
[Termination "LiemLe won on time"]

1. e4 e5 2. Nf3 Nc6 3. Bb5 Nf6 4. d3 Bc5 5. Nbd2 d6 6. c3 O-O 7. O-O a6 8. Ba4 Ba7 9. h3 Ne7 10. d4 Ng6 11. Re1 c5 12. Bc2 cxd4 13. cxd4 Re8 14. Nc4 exd4 15. Ncd2 Qb6 16. Rf1 Be6 17. b3 Ne5 18.
Bb2 d3 19. Bb1 Rad8 20. Nxe5 dxe5 21. Bxe5 Bxb3 22. axb3 Rxe5 23. Nc4 Qd4 24. Ra4 Ree8 25. Nd2 Qb6 26. Kh1 h6 27. f4 Qc6 28. Rc4 Qe6 29. e5 Nd5 30. Bxd3 Ne3 31. Qe2 Qd5 32.
Rc3 Nxf1 33. Nxf1 Qd4 0-1

[Event "Late-Titled-Tuesday-Blitz-May-14-2024"]
[Site "Chess.com"]
[Date "2024.05.14"]
[Round "7"]
[White "ritanovikova"]
[Black "maurovargas01"]
[Result "1-0"]
[WhiteElo "2153"]
[BlackElo "1929"]
[TimeControl "180+1"]
[EndTime "15:16:25 PDT"]
[Termination "ritanovikova won on time"]

1. e4 c6 2. d4 d6 3. c4 e6 4. Nc3 d5 5. e5 f5 6. Nf3 h6 7. Bd3 g5 8. cxd5 cxd5 9. Nd2 h5 10. h4 g4 11. g3 Bh6 12. Nb3 Ne7 13. Nc5 b6 14.
Bb5+ Kf7 15. Bxh6 Rxh6 16. Qd2 Rg6 17. Nd3 a6 18. Ba4 b5 19. Bc2 Qb6 20. Nf4 Rh6 21. Nfxd5 exd5 22. Bb3 Bb7 23. Qf4 Qg6 24. O-O Ke6 25.
Bc2 Rh7 26. a3 Nd7 27. Nd1 Nb6 28. Ne3 Rf7 29. b3 Rc8 30. Rac1 Rc7 31. Ng2 Ng8 32. Qe3 Qh6 33. Nf4+ Kd7 34. Bd3 Re7 35.
a4 Qg6 36. axb5 Qf7 37. bxa6 1-0

[Event "Late-Titled-Tuesday-Blitz-May-14-2024"]
[Site "Chess.com"]
[Date "2024.05.14"]
[Round "7"]
[White "nabukatnezarr"]
[Black "Ramil_Faizrakhmanov"]
[Result "0-1"]
[WhiteElo "2618"]
[BlackElo "2856"]
[TimeControl "180+1"]
[EndTime "15:16:29 PDT"]
[Termination "Ramil_Faizrakhmanov won on time"]

1. b3 Nf6 2. Bb2 g6 3. Bxf6 exf6 4. c4 d5 5. cxd5 Qxd5 6. Nc3 Qa5 7. g3 f5 8. Bg2 Bg7 9. Qc2 O-O 10. Nf3 c5 11.
O-O Nc6 12. a3 Nd4 13. Nxd4 cxd4 14. Nd5 Be6 15. b4 Qd8 16. Qc5 d3 17. Rae1 b6 18. Qc6 Rc8 19. Qb5 dxe2 20. Rxe2 a6 21. Qd3 b5 22. Rfe1 Kh8 23. h4 h5 24. Rxe6 fxe6 25. Rxe6 Rf6 26. Qe3 Rxe6 27. Qxe6 Qe8 28. Qxa6 Kh7 29. Nf4 Rc2 30. Bd5 Rxd2 31. Qc6 Qe1+ 32.
Kh2 Rxf2+ 33. Bg2 Rxf4 34. gxf4 Qxh4+ 35. Kg1 Bd4+ 0-1

[Event "Late-Titled-Tuesday-Blitz-May-14-2024"]
[Site "Chess.com"]
[Date "2024.05.14"]
[Round "7"]
[White "Masterisback04"]
[Black "PapaieDudu"]
[Result "1-0"]
[WhiteElo "2051"]
[BlackElo "2362"]
[TimeControl "180+1"]
[EndTime "15:16:32 PDT"]
[Termination "Masterisback04 won on time"]

1. e4 c5 2. Nf3 d6 3. d4 cxd4 4. Nxd4 Nf6 5. Nc3 a6 6. Be3 e6 7.
Qf3 Nbd7 8. Be2 Be7 9. O-O-O O-O 10. g4 Ne5 11. Qg3 Nfd7 12. h4 Qc7 13. g5 b5 14.
f4 Nc4 15. Nf5 exf5 16. Nd5 Qd8 17. Bxc4 bxc4 18. exf5 Kh8 19. Bd4 Bb7 20. Nxe7 Bxh1 21. f6 g6 22. h5 gxh5 23. Rxh1 Rg8 24. Rxh5 Nf8 25. f5 Qa5 26. g6 fxg6 27. fxg6 Rxg6 28. f7+ Qe5 29. Bxe5+ dxe5 30. Nxg6+ Nxg6 31. Qxg6 1-0

[Event "Late-Titled-Tuesday-Blitz-May-14-2024"]
[Site "Chess.com"]
[Date "2024.05.14"]
[Round "7"]
[White "Ali_rastbod"]
[Black "Savagelittlemole"]
[Result "1-0"]
[WhiteElo "2721"]
[BlackElo "2518"]
[TimeControl "180+1"]
[EndTime "15:16:36 PDT"]
[Termination "Ali_rastbod won by checkmate"]

1. e4 c5 2. Nf3 d6 3. c3 Nf6 4. h3 g6 5. Bd3 Bg7 6. O-O O-O 7. Bc2 Nc6 8. d4 cxd4 9. cxd4 e5 10. d5 Nb4 11.
Bb3 Nxe4 12. Qe1 Nd3 13. Qxe4 Bf5 14. Qe3 e4 15. Nd4 Nxc1 16. Rxc1 Qh4 17. Rd1 Kh8 18. Nc3 Bh6 19. Qg3 Qh5 20. Qxd6 e3 21. Qg3 exf2+ 22.
Qxf2 Rae8 23. Re1 Bg7 24. Nxf5 gxf5 25. Rxe8 Rxe8 26. Re1 Rxe1+ 27. Qxe1 Bd4+ 28. Kh1 f4 29. Qd1 Qe5 30. Qf1 f3 31. gxf3 Bb6 32. Ne4 f5 33. Ng5 Qg3 34. Nf7+ Kg7 35. d6 Kf6 36. Bd5 h5 37. d7 Ke7 38. Qe2+ Kxd7 39. Qe6+ Kc7 40.
Qe7+ Kc8 41. Nd6+ Kb8 42. Qxb7# 1-0

[Event "Late-Titled-Tuesday-Blitz-May-14-2024"]
[Site "Chess.com"]
[Date "2024.05.14"]
[Round "7"]
[White "tgpgoat"]
[Black "Meri-Arabidze"]
[Result "0-1"]
[WhiteElo "2471"]
[BlackElo "2688"]
[TimeControl "180+1"]
[EndTime "15:16:37 PDT"]
[Termination "Meri-Arabidze won by resignation"]

1. Nf3 d5 2. c4 e6 3. cxd5 exd5 4. g3 c6 5. Bg2 Nf6 6. Nc3 Bd6 7. d4 O-O 8. O-O h6 9. Bf4 Bxf4 10. gxf4 Bf5 11. e3 Ne4 12. Ne5 Nxc3 13. bxc3 f6 14. Nf3 Nd7 15. Rc1 Nb6 16. Nd2 Re8 17. Re1 Bd3 18.
Nb3 Be4 19. Nd2 Bxg2 20. Kxg2 Qd7 21. Qf3 Rac8 22. c4 c5 23. dxc5 Rxc5 24. cxd5 Rxd5 25. Nb3 Qf7 26. Red1 Rxd1 27. Rxd1 Rc8 28. Nd4 Nc4 29. Nf5 Qg6+ 30. Ng3 Qf7 31. Qg4 Rc7 32. Nf5 Kh7 33.
Rd8 Nb6 34. h4 Rd7 35. Rb8 h5 36. Qg3 Qd5+ 37. Qf3 Qxf5 38. e4 Qg4+ 39. Qxg4 hxg4 40. Kg3 f5 41. e5 Nd5 42. Rf8 g6 43. h5 Kg7 44.
Re8 gxh5 45. Kh4 Nxf4 46. Kg5 Nh3+ 47. Kxh5 Nxf2 48. Kg5 g3 49. e6 Rc7 50. e7 Kf7 51.
Rf8+ Kxe7 52. Rxf5 g2 53. Re5+ Kd6 54. Re1 Nh3+ 0-1

[Event "Late-Titled-Tuesday-Blitz-May-14-2024"]
[Site "Chess.com"]
[Date "2024.05.14"]
[Round "7"]
[White "egnfanclub"]
[Black "ChadBiryani"]
[Result "0-1"]
[WhiteElo "2375"]
[BlackElo "2559"]
[TimeControl "180+1"]
[EndTime "15:16:38 PDT"]
[Termination "ChadBiryani won by resignation"]

1. e4 d6 2. Nc3 Nf6 3. f4 e5 4. Nf3 Be7 5. Bc4 Nc6 6. d3 O-O 7. O-O exf4 8. Bxf4 Ne5 9. Nxe5 dxe5 10. Bxe5 Ng4 11.
Bg3 Ne3 12. Qf3 Nxf1 13. Rxf1 Be6 14. Nd5 Rc8 15. Nxe7+ Qxe7 16. Bb3 Bxb3 17. axb3 h6 18. c3 c5 19. Bf2 Rc6 20. Qg3 Rd8 21. e5 Rg6 22.
Qe3 b6 23. d4 cxd4 24. cxd4 Qb7 25. g3 h5 26. Qf4 Qd7 27. Be3 Rc8 28. Rf2 Qd5 29. Qf3 Qxb3 30. d5 Rf8 31. d6 Qe6 32. Bf4 h4 33. Qc3 hxg3 34. Bxg3 Rc8 35. Qa3 Qxe5 36. d7 Rc1+ 37. Rf1 Rxf1+ 38. Kxf1 Qf5+ 39. Kg2 Qxd7 0-1

[Event "Late-Titled-Tuesday-Blitz-May-14-2024"]
[Site "Chess.com"]
[Date "2024.05.14"]
[Round "7"]
[White "Supelyel"]
[Black "Zq1"]
[Result "1-0"]
[WhiteElo "2435"]
[BlackElo "2587"]
[TimeControl "180+1"]
[EndTime "15:16:38 PDT"]
[Termination "Supelyel won by resignation"]

1. c4 c5 2. g3 g6 3. Bg2 Bg7 4. Nc3 Nc6 5. Nf3 e6 6. O-O Nge7 7. Rb1 d5 8. cxd5 exd5 9. a3 d4 10. Ne4 b6 11. b4 f5 12. Neg5 h6 13. Nh3 g5 14.
bxc5 bxc5 15. Ne1 O-O 16. d3 Be6 17. Qc2 Qd6 18. Bd2 Rac8 19. f4 g4 20. Nf2 Nd5 21.
Qa4 Ne3 22. Bxe3 dxe3 23. Nd1 Nd4 24. Nc3 c4 25. Nb5 Qd7 26. dxc4 Rxc4 27. Qxa7 Nxb5 28. Qxd7 Bxd7 29. Bd5+ Kh7 30. Bxc4 Nxa3 31. Rb7 Rd8 32. Bd3 Kg6 33. Ng2 Bd4 34. Nh4+ Kf6 35. Rc1 Rc8 36. Rxc8 Bxc8 37. Rh7 Bc3 38. Rxh6+ Kg7 39. Rc6 1-0